 Dungeon Crawl Stone Soup version 0.31-a0-1072-g202bf7ea07 (webtiles) character file.

Game seed: 5222677252659162861

749 Descartes the Changeling (level 7, -5/26 (28) HPs)
             Began as a Felid Shapeshifter on Nov 26, 2023.
             Slain by a wight
             ... wielding a +5 spear
              (14 damage)
             ... on level 5 of the Dungeon.
             The game lasted 00:08:34 (5184 turns).

Descartes the Changeling (Felid Shapeshifter)       Turns: 5184, Time: 00:08:34

HP:   -5/26 (28)    AC:  2    Str: 12    XL:     7   Next: 48%
MP:   8/8           EV: 19    Int: 12    God:
Gold: 343           SH:  0    Dex: 15    Spells: 6/6 levels left
                                        Lives: 0   Deaths: 3

rFire   . .          .
                       - Unarmed
rCold   . . .        (shield unavailable)
rNeg    . . .        (body armour unavailable)
rPois   .            (helmet unavailable)
rElec   .            (cloak unavailable)
rCorr   .            (gloves unavailable)
SInv    +            (boots unavailable)
Will    +....        (no amulet)
Stlth   ++           h - ring of flight
HPRegen 0.24/turn    (no ring)
MPRegen 0.11/turn

%: no passive effects
@: beast-form, flying, drained, quick
A: beast (slay +4), very small, claws 1, fangs 3, see invisible, speed 1, shaggy
fur 2, stealthy paws, no weapons or thrown items, no armour, multi-lived
a: Begin Untransformation


You were on level 5 of the Dungeon.
You were a hulking beast.
You visited 2 branches of the dungeon, and saw 6 of its levels.

You collected 343 gold pieces.

Inventory:

Jewellery
 h - a ring of flight (left paw)
 t - a +5 ring of evasion
Talismans
 b - a beast talisman
 c - a flux talisman
Wands
 p - a wand of iceblast (7)
 s - a wand of flame (9)
Scrolls
 d - 2 scrolls of immolation {unknown}
 e - 5 scrolls of teleportation {unknown}
 f - 4 scrolls of identify {unknown}
 g - a scroll of blinking {unknown}
 l - 2 scrolls of fear {unknown}
 n - a scroll of enchant armour {unknown}
 o - 2 scrolls of revelation {unknown}
 r - a scroll of enchant weapon {unknown}
 w - a scroll of noise {unknown}
Potions
 a - a potion of haste {unknown}
 i - 3 potions of heal wounds {unknown}
 j - a potion of curing
 k - a potion of attraction {unknown}
 m - a potion of resistance {unknown}
 q - a potion of enlightenment {unknown}
 u - a potion of degeneration {unknown}
 v - a potion of ambrosia {unknown}


   Skills:
 - Level 1.0 Fighting
 - Level 5.0 Dodging
 + Level 3.0 Stealth
 - Level 5.0 Unarmed Combat
 - Level 7.0 Shapeshifting


You had 6 spell levels left.
You didn't know any spells.
Your spell library was empty.

Dungeon Overview and Level Annotations

Branches:
Dungeon (5/15)             Temple (1/1) D:5

Altars:
Ashenzari
Cheibriados
Elyvilon
Fedhas
Gozag
Hepliaklqana
Kikubaaqudgha
Makhleb
Qazlal
Ru
Sif Muna
Vehumet
Wu Jian
Xom
Yredelemnul
Zin
The Shining One

Annotations:
D:3 3 runed translucent doors, Azuvok's ghost, weakling MiGl


Innate Abilities, Weirdness & Mutations

You are a hulking beast.
Your limbs bulge with bestial killing power. (Slay +4)
You have sharp claws.
You have razor-sharp teeth.
You have supernaturally acute eyesight. (SInv)
You cover ground quickly. (Speed+)
You are covered in thick fur. (AC +2)
Your paws help you pounce on unaware monsters.
You are incapable of wielding weapons or throwing items.
You cannot wear armour.
You gain extra lives every three experience levels.


Message History

You fly downwards.
Welcome to the Ecumenical Temple!
Found a hazy altar of Hepliaklqana.
Found a staircase back to the Dungeon.
There is a staircase back to the Dungeon here.
Done exploring.
You fly upwards.
Welcome back to the Dungeon!
The wight completely misses you.
There is a staircase to the Ecumenical Temple here.
The wight closely misses you.
The wight hits you from afar with a +5 spear!
You fly downwards.
Welcome back to the Ecumenical Temple!
There is a staircase back to the Dungeon here.
You scratch the wight. Your bite misses the wight.
The wight is lightly damaged.
The wight barely misses you.
You scratch the wight. You bite the wight, but do no damage.
The wight is moderately damaged.
The wight completely misses you.
You claw the wight!
The wight is almost destroyed.
You barely miss the wight. You bite the wight.
The wight is almost destroyed.
The wight hits you with a +5 halberd!
You are too injured to fight recklessly!
You are too injured to fight recklessly!
You claw the wight!
You destroy the wight!
Your Stealth skill gained 2 levels and is now at level 3!
Things that are here:
a +5 halberd; a +0 robe HP restored.
Done exploring.
There is a staircase back to the Dungeon, spattered with blood here.
You fly upwards.
Welcome back to the Dungeon!
There is a staircase to the Ecumenical Temple here.
The wight hits you with a +5 spear!
Ouch! That really hurt!
You feel drained.
There is a staircase to the Ecumenical Temple, spattered with blood here.
The wight hits you with a +5 spear!
Ouch! That really hurt!
You die...

##.........#.#
#....##.#
#.........#.#
#....##.#
#.........#.#
#######.#
#.#####.###.# #.# #.#
#.# #.# #.# #z#
###.###.# #z#
###'###.#
#.####⌠.⌠##.#
#....'zh.##.#
######⌠.⌠##.#
#######.# #######.#
######.# ####[.....#
##.........#
###########..#####...#
.....[...##.##._.##..#


You could see a wight.

Vanquished Creatures
  A centaur (D:5)
  3 phantoms
  A scorpion (D:4)
  A wight (Temple)
  2 hounds
  2 iguanas
  2 orc wizards
  3 gnolls (D:2)
  4 adders
  A white imp (D:5)
  2 ufetubi (D:5)
  3 worms
  2 dart slugs
  8 orcs
  7 ball pythons
  6 bats
  9 endoplasms
  3 giant cockroaches
  7 goblins
  6 hobgoblins
  4 quokkas
  2 frilled lizards (D:1)
  5 kobolds
  4 rats (D:1)
88 creatures vanquished.

Notes
Turn   | Place    | Note
-------+----------+-------------------------------------------
     0 | D:1      | Descartes the Felid Shapeshifter began the quest for the
                  | Orb.
     0 | D:1      | Reached XP level 1. HP: 9/9 MP: 2/2
   273 | D:1      | Reached XP level 2. HP: 12/12 MP: 3/3
   637 | D:1      | Reached XP level 3. HP: 15/15 MP: 4/4
  1771 | D:2      | Reached XP level 4. HP: 9/19 MP: 5/5
  1813 | D:2      | Reached skill level 5 in Dodging
  1971 | D:3      | Reached skill level 4 in Shapeshifting
  2003 | D:3      | Found a runed translucent gate.
  2004 | D:3      | Found a runed translucent gate.
  2005 | D:3      | Found a runed translucent gate.
  2007 | D:3      | Identified the +1 leather armour "Tashicec" {rCorr MP+9
                  | Int+3 Dex+2}
  2007 | D:3      | Noticed Azuvok's ghost (weakling MiGl)
  2882 | D:4      | Killed from afar by an orc wizard
  2924 | D:4      | Killed from afar by an orc wizard
  3399 | D:3      | Reached XP level 5. HP: 12/22 MP: 6/6
  3851 | D:4      | Noticed a phantom
  3862 | D:4      | Killed a phantom
  3863 | D:4      | Reached skill level 5 in Shapeshifting
  3863 | D:4      | Gained mutation: You are covered in thick fur. (AC +2)
                  | [Felid growth]
  3863 | D:4      | Reached XP level 6. HP: 13/25 MP: 7/7
  4057 | D:4      | Reached skill level 5 in Unarmed Combat
  4312 | D:5      | Entered Level 5 of the Dungeon
  4342 | D:5      | Reached skill level 6 in Shapeshifting
  4404 | D:5      | Reached XP level 7. HP: 17/28 MP: 8/8
  4473 | D:5      | Found an opulent altar of Gozag.
  4588 | D:5      | Killed from afar by an orc priest
  4607 | D:5      | Found a glowing silver altar of Zin.
  4755 | D:5      | Reached skill level 7 in Shapeshifting
  4879 | D:5      | Reached skill level 1 in Stealth
  5095 | D:5      | Found a staircase to the Ecumenical Temple.
  5100 | Temple   | Entered the Ecumenical Temple
  5184 | D:5      | Slain by a wight

Illustrated notes

Levels and vault maps discovered:
D:1:      dpeg_arrival_connections, layout_loops_ring
D:2:      layout_basic, minmay_misc_feat_chi, nrook_mini_backslash
D:3:      layout_rooms, biasface_ghost_orc_armoury, dk_noncrumbling_2,
          dreamdust_princess_bridge, palyth_stone_intersect, minivault_19
D:4:      layout_layer_cave, minivault_23, minmay_starry_boxes
D:5:      layout_basic, zin_statuary, grunt_gozag_breadcrumbs, temple_doors_cd,
          serial_bayou_pond_c
Temple:   regret_index_temple_waves

Skill      XL: |  1  2  3  4  5  6  7 |
---------------+----------------------+-----
Dodging        | 3 4 5 |  5.0
Shapeshifting  | 4 5 6 7 |  7.0
Unarmed Combat | 4 5 |  5.0
Stealth        | 3 |  3.0
Fighting       | |  1.0

Action                     |  1- 3 |  4- 6 |  7- 9 || total
---------------------------+-------+-------+-------++-------
  Melee: Unarmed           |    92 |   120 |    38 ||   250
         Bite              |     9 |     8 |     6 ||    23
         Punch             |     2 |     4 |     3 ||     9
    Use: Potion            |     1 |     1 |       ||     2
   Stab: Sleeping          |     3 |     4 |       ||     7
         Distracted        |     1 |       |       ||     1
 Armour: Skin              |    20 |    42 |    13 ||    75
  Dodge: Dodged            |    60 |   107 |    29 ||   196

Table legend: (Time is in decaauts)
 A = Elapsed time spent in this place.
 B = Non-inter-level travel time spent in this place.
 C = Inter-level travel time spent in this place.
 D = Time resting spent in this place.
 E = Time spent auto-exploring this place.
 F = Levels seen in this place.
 G = Mean time per level.
                   A        B        C        D        E       F      G
               +--------+--------+--------+--------+--------+-----+--------+
         Total |   4398 |   3991 |    407 |    148 |   3162 |   6 |  733.0 |
       Dungeon |   4321 |   3914 |    407 |    148 |   3096 |   5 |  864.2 |
        Temple |     76 |     76 |      0 |      0 |     66 |   1 |   76.0 |
               +--------+--------+--------+--------+--------+-----+--------+

Top non-repeatable levels by time:
     D:3: 1118 daAuts
     D:4: 877 daAuts
     D:2: 854 daAuts
     D:1: 780 daAuts
     D:5: 691 daAuts
  Temple: 76 daAuts
